 Dungeon Crawl Stone Soup version 0.18-a0-1685-g4482fe3 (webtiles) character file.

3147 dohliylev the Covert (level 9, -6/61 HPs)
             Began as a Vampire Enchanter on Apr 4, 2016.
             Was a Follower of Nemelex Xobeh.
             Mangled by a centaur (9 damage)
             ... on level 7 of the Dungeon.
             The game lasted 00:45:54 (8198 turns).

dohliylev the Covert (Vampire Enchanter)            Turns: 8198, Time: 00:45:56

Health: -6/61      AC:  8    Str:  7    XL:     9   Next: 62%
Magic:  0/16       EV: 16    Int: 17    God:    Nemelex Xobeh [*.....]
Gold:   645        SH:  0    Dex: 18    Spells: 3 memorised, 11 levels left

rFire  . . .     SeeInvis +     a - +1 dagger (vamp)
rCold  + . .     Gourm    .     b - +1 robe
rNeg   + + +     Faith    .     (no shield)
rPois  +         Spirit   .     (no helmet)
rElec  .         Dismiss  .     h - +0 cloak
rCorr  .         Reflect  .     m - +2 pair of gloves
SustAt +         Harm     .     u - +0 pair of boots (curse)
MR     .....                    (no amulet)
Stlth  ++++++....               E - ring of sustain attributes
                                y - ring of positive energy

@: lethally poisoned (-6 -> -14), regenerating slowly, not resistant to hostile
enchantments, very stealthy
A: fangs 3, see invisible, unbreathing
a: Bat Form, Renounce Religion


You were on level 7 of the Dungeon.
You worshipped Nemelex Xobeh.
Nemelex Xobeh was aware of your devotion.
You were thirsty.

You visited 1 branch of the dungeon, and saw 7 of its levels.
You also visited: Ossuary.

You collected 645 gold pieces.

Inventory:

Hand Weapons
 a - a +1 vampiric dagger (weapon)
 B - a +2 dagger of flaming
 O - a +0 dagger of venom
Missiles
 k - 52 poisoned needles
 l - 6 silver tomahawks (quivered)
 r - a throwing net
 z - 11 tomahawks
Armour
 b - a +1 robe (worn)
 h - a +0 cloak (worn)
 j - a +0 cloak
 m - a +2 pair of gloves (worn)
 u - a cursed +0 pair of boots (worn)
 N - a +1 pair of gloves
 P - the +2 cloak of Impatience {rC- MR- Int+8 Slay+2, unknown}
   (You found it on level 7 of the Dungeon)

   It affects your intelligence (+8).
   It affects your accuracy and damage with ranged weapons and melee attacks
   (+2).
   It makes you vulnerable to cold.
   It affects your resistance to hostile enchantments.
Magical Staves
 C - an uncursed staff of fire {unknown}
Jewellery
 y - a ring of positive energy (left hand)
 E - a ring of sustain attributes (right hand)
Wands
 I - a wand of lightning (8/15)
Scrolls
 f - 5 scrolls of identify {unknown}
 g - 3 scrolls of fog {unknown}
 i - 3 scrolls of fear {unknown}
 n - 4 scrolls of teleportation {unknown}
 q - a scroll of recharging {unknown}
 v - 3 scrolls of remove curse {unknown}
 w - 3 scrolls of noise {unknown}
 x - 3 scrolls of amnesia {unknown}
 A - 3 scrolls of enchant weapon {unknown}
 D - a scroll of blinking {unknown}
Potions
 d - 17 potions of blood
 e - 4 potions of heal wounds {unknown}
 o - 3 potions of brilliance {unknown}
 p - 2 potions of might {unknown}
 s - 2 potions of degeneration {unknown}
 t - a potion of resistance {unknown}
 G - a potion of cancellation {unknown}
 H - 2 potions of lignification {unknown}
 J - a potion of agility {unknown}
 K - a potion of flight {unknown}
Books
 c - a book of Maledictions

   Spells                             Type                      Level
   a - Corona                         Hexes                        1
   b - Ensorcelled Hibernation        Hexes/Ice                    2
   c - Confuse                        Hexes                        3
   d - Tukima's Dance                 Hexes                        3
   e - Dazzling Spray                 Conjuration/Hexes            3
 M - a Grand Grimoire

   Spells                             Type                      Level
   a - Monstrous Menagerie            Summoning                    7
   b - Summon Greater Demon           Summoning                    7
   c - Malign Gateway                 Summoning/Translocation      7
   d - Summon Horrible Things         Summoning                    8
Miscellaneous
 F - a plain deck of escape
 L - a plain deck of war {drawn: 4}


   Skills:
 + Level 2.2 Fighting
 + Level 3.1 Short Blades
 + Level 6.1 Dodging
 + Level 10.5 Stealth
 + Level 4.6 Spellcasting
 + Level 1.0 Conjurations
 + Level 8.8 Hexes
 + Level 4.5 Ice Magic
 * Level 4.1 Evocations


You had 11 spell levels left.
You knew the following spells:

 Your Spells              Type           Power        Failure   Level  Hunger
a - Corona                Hex            ####...      1%          1    None
b - Ensorcelled Hibernat  Hex/Ice        ####..       1%          2    ##.....
c - Dazzling Spray        Conj/Hex       ###.....     8%          3    ###....


Dungeon Overview and Level Annotations

Branches:
Dungeon (7/15)
 Temple: D:4-7

Altars:
Ashenzari
Elyvilon
Kikubaaqudgha
Nemelex Xobeh
Pakellas
Xom
Yredelemnul
The Shining One

Annotations:
D:4 F1L1N's ghost, novice NaFE


Innate Abilities, Weirdness & Mutations

You heal slowly.
You have razor-sharp teeth.
You have supernaturally acute eyesight.
You can survive without breathing.


Message History

Confirm with . or Enter, or press ? or * to list all spells.
Aiming: Ensorcelled Hibernation
Press: ? - help, Shift-Dir - straight line, f - centaur
Aim: a centaur (heavily wounded, chance to defeat MR: 55%)
The centaur resists with significant effort.
The centaur hits you!
* * * LOW HITPOINT WARNING * * *
The centaur hits you but does no damage.
Your magical contamination has completely faded away.
The centaur wields an uncursed shortbow.
The centaur shoots a poisoned arrow.
The poisoned arrow hits you but does no damage.
You are lethally poisoned!
You are feeling thirsty.
* * * LOW HITPOINT WARNING * * *
You feel sick.
The centaur unwields an uncursed shortbow.
The centaur hits you!
You die...
Your body disappears without a glow.

##########..####..##.#......##
####.## ###.#.........#
##....# #.........#...#
##.....## #....#.####...#
#.......# #......# ##.###
#.......# #.....####..#
#.......# #..........##
##...>.####.............#
##.......@c.....#######.#
######.......####....#### .#
#............# ###.....#
#......<.....# #.##.#######
#...........## #.##.#.c...#
########...## #..#c#.#.#.#
##### ###.#...#.#
######...#####c####
#........#...#.#c..


You could see a centaur.

Vanquished Creatures
  A slime creature (D:7)
  Menkaure (D:7)
  2 sky beasts (D:6)
  2 ogres
  A black bear (D:7)
  An ice beast (D:7)
  2 centaurs (D:6)
  An elf zombie (Ossuary)
  4 giant frogs
  3 gnoll sergeants (D:6)
  A scorpion (D:5)
  3 wights (D:6)
  A howler monkey (D:6)
  A jelly (D:7)
  A crimson imp (D:5)
  2 centaur zombies (Ossuary)
  A giant frog zombie (D:6)
  2 human zombies (Ossuary)
  A centaur skeleton (D:5)
  A giant frog skeleton (D:6)
  5 orc priests
  A gnoll shaman (D:6)
  4 hounds
  Jessica (D:3)
  8 orc wizards
  2 iguanas
  6 worker ants
  3 big kobold zombies (Ossuary)
  A hound zombie (D:5)
  A hound skeleton (D:5)
  3 mummies (Ossuary)
  5 gnolls (D:6)
  9 adders
  An ooze (D:5)
  4 adder zombies (Ossuary)
  2 adder skeletons
  7 worms
  A dart slug (D:2)
  7 giant geckos
  23 orcs
  A ball python (D:2)
  8 bats
  4 giant cockroaches
  4 gnoll zombies
  7 goblins
  11 hobgoblins
  4 jackals
  2 quokkas
  A giant gecko zombie (D:5)
  5 giant newts
  A goblin zombie (Ossuary)
  2 hobgoblin zombies (Ossuary)
  4 jackal zombies (Ossuary)
  12 kobolds
  4 kobold zombies (Ossuary)
  2 orc zombies (Ossuary)
  3 quokka zombies (Ossuary)
  3 rats
  3 rat zombies (Ossuary)
  2 plants (D:6)
209 creatures vanquished.

Vanquished Creatures (others)
  An orc (D:4)
  4 plants (D:6)
5 creatures vanquished.

Grand Total: 214 creatures vanquished

Notes
Turn   | Place    | Note
--------------------------------------------------------------
     0 | D:1      | dohliylev the Vampire Enchanter began the quest for the Orb.
     0 | D:1      | Reached XP level 1. HP: 13/13 MP: 3/3
   380 | D:1      | Reached XP level 2. HP: 19/19 MP: 5/5
   387 | D:1      | Learned a level 2 spell: Ensorcelled Hibernation
   905 | D:2      | Reached skill level 5 in Hexes
  1133 | D:2      | Reached XP level 3. HP: 24/24 MP: 3/6
  1206 | D:2      | Reached skill level 5 in Stealth
  1537 | D:2      | Reached XP level 4. HP: 26/30 MP: 0/7
  1796 | D:3      | Noticed Jessica
  1899 | D:3      | Found a faded altar to an unknown god.
  2169 | D:3      | Reached skill level 1 in Ice Magic
  2350 | D:3      | Killed Jessica
  2350 | D:3      | Reached skill level 6 in Stealth
  2350 | D:3      | Reached XP level 5. HP: 36/36 MP: 5/8
  2600 | D:4      | Noticed F1L1N's ghost (novice NaFE)
  2981 | D:4      | Reached XP level 6. HP: 42/42 MP: 10/10
  3059 | D:4      | Found a basalt altar of Yredelemnul.
  3246 | D:4      | Reached skill level 7 in Stealth
  3740 | D:5      | Entered Level 5 of the Dungeon
  3811 | D:5      | Reached XP level 7. HP: 47/47 MP: 4/11
  3918 | D:5      | Found an oddly glowing altar of Pakellas.
  3926 | D:5      | Found a sparkling altar of Nemelex Xobeh.
  3927 | D:5      | Found a white marble altar of Elyvilon.
  3927 | D:5      | Found an ancient bone altar of Kikubaaqudgha.
  3927 | D:5      | Found a shattered altar of Ashenzari.
  3927 | D:5      | Found a glowing golden altar of the Shining One.
  4017 | D:5      | Became a worshipper of Nemelex Xobeh the Trickster
  4195 | D:5      | Received a gift from Nemelex Xobeh
  4213 | D:5      | Reached skill level 8 in Stealth
  4445 | D:6      | Reached skill level 1 in Fighting
  4445 | D:6      | Reached XP level 8. HP: 45/54 MP: 5/13
  4469 | D:6      | Reached skill level 1 in Evocations
  4562 | D:7      | Found a sand-covered staircase.
  4571 | Ossuary  | Entered an ossuary
  4782 | Ossuary  | Learned a level 3 spell: Dazzling Spray
  4891 | Ossuary  | Reached skill level 9 in Stealth
  5077 | Ossuary  | Reached * piety under Nemelex Xobeh
  5390 | Ossuary  | Received a gift from Nemelex Xobeh
  5429 | D:7      | Noticed Menkaure
  5447 | D:7      | Killed Menkaure
  5447 | D:7      | Reached skill level 5 in Dodging
  5609 | D:7      | Noticed a slime creature
  5609 | D:7      | Noticed a slime creature
  5609 | D:7      | Noticed a slime creature
  5611 | D:7      | Noticed a slime creature
  5611 | D:7      | Noticed a slime creature
  5616 | D:7      | Killed a slime creature
  5616 | D:7      | Reached skill level 1 in Conjurations
  5849 | D:6      | Reached XP level 9. HP: 42/61 MP: 12/15
  6583 | D:6      | Reached skill level 10 in Stealth
  7817 | D:7      | Found a shimmering altar of Xom.
  8087 | D:7      | Got a brightly glowing cloak
  8198 | D:7      | HP: 3/61 [poisoned by a centaur]
  8198 | D:7      | Mangled by a centaur

Vault maps used:
D:1:      dpeg_arrival_concentric_ovals
D:2:      minmay_joined_circles
D:3:      ecumenical_altar_1, uniq_jessica
D:4:      lemuel_zombie_altar_yredelemnul
D:5:      grunt_temple_overflow_open, first_bread
D:6:      kennysheep_housing_project
D:7:      old_standard_altar, minmay_temple_entry_enclosed_plants,
          enter_bailey_8, nicolae_ossuary_entry_ruins,
          minmay_misc_feat_ornament, uniq_menkaure
Ossuary:  minmay_ossuary_two_tombs

Skill      XL: |  1  2  3  4  5  6  7  8  9 |
---------------+----------------------------+-----
Hexes          | 5 6 7 8 |  8.8
Stealth        | 5 6 7 8 9 10 | 10.5
Ice Magic      | 1 2 3 4 |  4.5
Dodging        | 3 4 5 6 |  6.1
Spellcasting   | 3 4 |  4.6
Short Blades   | 2 3 |  3.1
Fighting       | 1 2 |  2.2
Evocations     | 2 4 |  4.1
Conjurations   | 1 |  1.0

Action                   |  1- 3 |  4- 6 |  7- 9 || total
-------------------------+-------+-------+-------++-------
Melee: Dagger            |    88 |   110 |   687 ||   885
 Cast: Ensorcelled Hiber |    19 |    56 |    88 ||   163
       Corona            |       |     1 |     7 ||     8
       Dazzling Spray    |       |       |    35 ||    35
 Abil: End Transformatio |       |       |     3 ||     3
       Bat Form          |       |       |     3 ||     3
Evoke: Deck              |       |       |     4 ||     4
  Use: Potion            |       |       |    16 ||    16
 Stab: Sleeping          |    20 |    41 |    63 ||   124
       Distracted        |       |       |     1 ||     1
